 Dungeon Crawl Stone Soup version 0.32-a0-42-ga30500b4d3 (webtiles) character file.

Game seed: 5072262607261731965

53 horus123 the Magician (level 3, -6/19 HPs)
             Began as a Deep Elf Conjurer on Feb 1, 2024.
             Mangled by Crazy Yiuf
             ... wielding a +4 quarterstaff of chaos
              (13 damage)
             ... on level 2 of the Dungeon.
             The game lasted 00:02:14 (1896 turns).

horus123 the Magician (Deep Elf Conjurer)           Turns: 1896, Time: 00:02:15

Health: -6/19      AC:  4    Str:  4    XL:     3   Next: 62%
Magic:  9/12       EV: 12    Int: 24    God:
Gold:   114        SH:  0    Dex: 13    Spells: 10/13 levels left

rFire   x . .        d - +1 dagger (protect)
rCold   + . .        (no shield)
rNeg    . . .        a - +0 robe
rPois   .            e - +0 hat
rElec   .            q - +0 cloak
rCorr   .            h - +0 pair of gloves
SInv    .            (no boots)
Will    .....        (no amulet)
Stlth   ++           p - ring of ice
HPRegen 0.23/turn    (no ring)
MPRegen 0.13/turn

%: no passive effects
@: no status effects
A: no striking features
a: no special abilities


You were on level 2 of the Dungeon.
You visited 1 branch of the dungeon, and saw 2 of its levels.

You collected 114 gold pieces.

Inventory:

Hand Weapons
 d - a +1 dagger of protection (weapon)
Armour
 a - a +0 robe (worn)
 e - a +0 hat (worn)
 h - a +0 pair of gloves (worn)
 q - a +0 cloak (worn)
Jewellery
 p - a ring of ice (left hand)
Scrolls
 g - a scroll of enchant weapon
 j - a scroll of poison
 k - a scroll of amnesia {unknown}
 l - a scroll of teleportation {unknown}
 n - a scroll of fear {unknown}
 o - 2 scrolls of noise {unknown}
Potions
 b - a potion of magic
 c - a potion of invisibility
 i - 2 potions of lignification
 m - a potion of curing


   Skills:
 - Level 2.4 Dodging
 - Level 2.4 Stealth
 + Level 5.6 Spellcasting
 - Level 4.3 Conjurations


You had 10 spell levels left.
You knew the following spells:

 Your Spells              Type           Power      Damage    Failure   Level
a - Magic Dart            Conj           100%       1d8       1%          1
b - Searing Ray           Conj           54%        2d6       1%          2

Your spell library contained the following spells:

 Spells                   Type           Power      Damage    Failure   Level
 Fulminant Prism          Conj/Alch      8%         3d7       32%         4
 Iskenderun's Mystic Bla  Conj/Tloc      17%        2d5       32%         4


Dungeon Overview and Level Annotations

Branches:
Dungeon (2/15)

Altars:
Makhleb

Shops:
D:2 [

Annotations:
D:2 Crazy Yiuf


Message History

You can't see any susceptible monsters within range! (Use Z to cast anyway.)
You open the door.
Found Zeolela's Antique Armour Shoppe.
You can't see any susceptible monsters within range! (Use Z to cast anyway.)
You can't see any susceptible monsters within range! (Use Z to cast anyway.)
There is an open door here.
There is an entrance to Zeolela's Antique Armour Shoppe here.
You now have 114 gold pieces (gained 13).
You open the door.
There is an open door here.
There is an open door here.
You open the door.
There is an open door here.
Found a spear.
You see here a +0 spear.
A bat comes into view.
The magic dart hits the bat.
The bat is severely wounded.
The bat hits you.
The magic dart hits the bat!
You kill the bat!
You see here a +0 hammer.
Crazy Yiuf shouts!
You see here a +0 hammer.
You open the door.
Crazy Yiuf screams, "Ghoul snail pizzabubble!"
Casting: Magic Dart (safe; 1% risk of failure)
Confirm with . or Enter, or press ? or * to list all spells.
Aiming: Searing Ray (safe; 1% risk of failure)
Press: ? - help, Shift-Dir - straight line, f - Crazy Yiuf
Aim: Crazy Yiuf, wielding a +4 quarterstaff of chaos and wearing a +0 cloak (82% to hit)
The searing ray hits Crazy Yiuf!
Crazy Yiuf is heavily wounded. (Press . to maintain the ray.) Crazy Yiuf hits you with a +4 quarterstaff of chaos!
Crazy Yiuf burns you.
The searing ray misses Crazy Yiuf.
Crazy Yiuf hits you with a +4 quarterstaff of chaos!
Ouch! That really hurt!
You die...

#.###.#...... #.###.#..#...
#............ #####..####..
#...# #.. #...# #.. ###
####...# #.. #)))###
##.#...####..
#...g@####.......#...)
#...##.)#......#.#.### ###
###.#..#.##.#.##. ########
#######.......# #...>..#
###.#.##.
#.###..##################.#.##.
#.###.....................#....
#.##......###.#####.##.########
#.##.#...## #.#####.##.#


You could see Crazy Yiuf.

Vanquished Creatures
  An adder (D:2)
  2 dart slugs
  3 ribbon worms (D:2)
  3 endoplasms
  A giant cockroach (D:2)
  3 goblins
  7 hobgoblins
  4 ball pythons
  3 bats
  4 kobolds
  A rat (D:1)
32 creatures vanquished.

Notes
Turn   | Place    | Note
-------+----------+-------------------------------------------
     0 | D:1      | horus123 the Deep Elf Conjurer began the quest for the Orb.
     0 | D:1      | Reached XP level 1. HP: 10/10 MP: 6/6
   219 | D:1      | Reached skill level 4 in Spellcasting
   219 | D:1      | Reached XP level 2. HP: 15/15 MP: 3/9
   898 | D:2      | Learned a level 2 spell: Searing Ray
  1040 | D:2      | Reached XP level 3. HP: 19/19 MP: 3/11
  1117 | D:2      | Reached skill level 5 in Spellcasting
  1564 | D:2      | Found a burning altar of Makhleb.
  1660 | D:2      | Found a runed translucent door.
  1661 | D:2      | Noticed Crazy Yiuf
  1722 | D:2      | Found Zeolela's Antique Armour Shoppe.
  1896 | D:2      | Mangled by Crazy Yiuf

Illustrated notes

Levels and vault maps discovered:
D:1:      lightli_arrival_isolated_outpost, layout_basic
D:2:      layout_loops_cross, serial_shops, nicolae_shop_rolling_square,
          basic_altar, uniq_crazy_yiuf_cottage

Skill      XL: |  1  2  3 |
---------------+----------+-----
Spellcasting   | 4 5 |  5.6
Dodging        | |  2.4
Stealth        | |  2.4
Conjurations   | |  4.3

Action                     || total
---------------------------++-------
  Melee: Dagger            ||     1
   Cast: Magic Dart        ||    68
         Searing Ray       ||     3
    Use: Scroll            ||     5
 Armour: Robe              ||     7
  Dodge: Dodged            ||     4

Table legend: (Time is in decaauts)
 A = Elapsed time spent in this place.
 B = Non-inter-level travel time spent in this place.
 C = Inter-level travel time spent in this place.
 D = Time resting spent in this place.
 E = Time spent auto-exploring this place.
 F = Levels seen in this place.
 G = Mean time per level.
                   A        B        C        D        E       F      G
               +--------+--------+--------+--------+--------+-----+--------+
         Total |   1898 |   1858 |     40 |     49 |   1608 |   2 |  949.0 |
       Dungeon |   1898 |   1858 |     40 |     49 |   1608 |   2 |  949.0 |
               +--------+--------+--------+--------+--------+-----+--------+

Top non-repeatable levels by time:
     D:2: 1056 daAuts
     D:1: 842 daAuts
